 Dungeon Crawl Stone Soup version 0.28-a0-1560-g060a6a1bfc (webtiles) character file.

Game seed: 8561626470010005337

40 BritishOli the Slasher (level 3, 0/28 HPs)
             Began as a Demonspawn Gladiator on Jan 19, 2022.
             Slain by a goblin (2 damage)
             ... led by Robin
             ... on level 2 of the Dungeon.
             The game lasted 00:00:40 (1100 turns).

BritishOli the Slasher (Demonspawn Gladiator)       Turns: 1100, Time: 00:00:41

Health: 0/28       AC:  3    Str: 16    XL:     3   Next: 30%
Magic:  3/3        EV: 12    Int:  9    God:
Gold:   21         SH:  0    Dex: 14    Spells: 2/2 levels left

rFire   . . .      SeeInvis .   a - +0 long sword
rCold   . . .      Faith    .   (no shield)
rNeg    . . .      Spirit   .   b - +0 leather armour
rPois   .          Reflect  .   (helmet restricted)
rElec   .          Harm     .   (no cloak)
rCorr   .          Rampage  .   (no gloves)
Will    .....                   (no boots)
Stlth   +.........              (no amulet)
HPRegen 0.09/turn               (no ring)
MPRegen 0.08/turn               (no ring)

@: no status effects
A: horns 1, powered by pain 1
a: no special abilities


You were on level 2 of the Dungeon.
You visited 1 branch of the dungeon, and saw 2 of its levels.

You collected 21 gold pieces.

Inventory:

Hand Weapons
 a - a +0 long sword (weapon)
Missiles
 d - 3 throwing nets (quivered)
Armour
 b - a +0 leather armour (worn)
 c - a +0 helmet
Scrolls
 f - a scroll of immolation {unknown}
 g - a scroll of teleportation {unknown}
Potions
 e - a potion of flight {unknown}
 h - a potion of attraction {unknown}


   Skills:
 + Level 2.4 Fighting
 * Level 3.2 Long Blades
 - Level 2.0 Throwing
 + Level 0.6 Armour
 + Level 3.0 Dodging


You had 2 spell levels left.
You didn't know any spells.
Your spell library contained the following spells:

 Spells                   Type           Power      Damage    Failure   Level
 Freeze                   Ice            0%         1d3       45%         1
 Frozen Ramparts          Ice            0%         1d2       83%         3
 Hailstorm                Conj/Ice       0%         3d3       99%         4


Dungeon Overview and Level Annotations

Branches:
Dungeon (2/15)

Altars:

Annotations:
D:2 Robin


Innate Abilities, Weirdness & Mutations

You have a pair of small horns on your head.
You sometimes gain a little power by taking damage.


Message History

There are monsters nearby!
There are monsters nearby!
You are too injured to fight recklessly!
There are monsters nearby!
You are too injured to fight recklessly!
Unknown command.
You are too injured to fight recklessly!
Unknown command.
The goblin hits you with a +0 club.
* * * LOW HITPOINT WARNING * * *
The goblin closely misses you.
You barely miss the goblin. Your headbutt misses the goblin.
The goblin closely misses you.
You barely miss the goblin. Your headbutt misses the goblin.
The goblin hits you with a +0 dagger.
* * * LOW HITPOINT WARNING * * *
You closely miss the goblin. Your headbutt misses the goblin.
The goblin misses you.
Robin says, "My goblins will feast on your bones."
You slash the goblin!
You kill the goblin!
The goblin barely misses you.
You closely miss the goblin. Your headbutt misses the goblin.
The goblin hits you with a +0 club.
* * * LOW HITPOINT WARNING * * *
You hit the goblin. Your headbutt misses the goblin.
The goblin is moderately wounded.
The goblin no longer looks unusually strong.
Robin throws the goblin at you! The goblin barely misses you.
You miss the goblin.
The goblin is moderately wounded.
The goblin no longer looks unusually strong.
The hobgoblin no longer looks unusually strong.
The goblin no longer looks unusually strong.
The goblin barely misses you. The goblin misses you.
The goblin hits you but does no damage.
You barely miss the goblin.
The goblin is moderately wounded.
The goblin hits you with a +0 club.
You die...

#......
###.#....
........#
#.......#
#.......#####
#.....))#...#
#.........$.#
#.......gg####
#.......ggg@.#
######..g###g#
#####.......#
.#
#.......<.###
.. #......<..#
##.
#.........# ..
#...........#
##
###########.#
.#


You could see 2 hobgoblins and 5 goblins.

Vanquished Creatures
  A gnoll (D:1)
  A dart slug (D:1)
  4 bats (D:1)
  2 endoplasms
  3 giant cockroaches (D:1)
  4 goblins
  2 hobgoblins (D:1)
  2 quokkas (D:1)
  3 ball pythons (D:1)
  2 kobolds (D:1)
  A rat (D:1)
25 creatures vanquished.

Notes
Turn   | Place    | Note
-------+----------+-------------------------------------------
     0 | D:1      | BritishOli the Demonspawn Gladiator began the quest for the
                  | Orb.
     0 | D:1      | Reached XP level 1. HP: 16/16 MP: 1/1
   176 | D:1      | Gained mutation: You have a pair of small horns on your
                  | head. [demonic ancestry]
   176 | D:1      | Reached XP level 2. HP: 20/22 MP: 2/2
   542 | D:1      | HP: 1/22 [gnoll (1)]
   544 | D:1      | Gained mutation: You sometimes gain a little power by
                  | taking damage. [demonic ancestry]
   544 | D:1      | Reached XP level 3. HP: 2/28 MP: 3/3
   906 | D:1      | Found a faded altar of an unknown god.
  1082 | D:2      | Noticed Robin
  1097 | D:2      | HP: 1/28 [goblin[Robin] (3)]
  1100 | D:2      | Slain by a goblin

Illustrated notes

Levels and vault maps discovered:
D:1:      co_arrival_square_in_a_square_in_a_square, layout_rooms,
          shapermc_ecumenical_altar_notcrosses, nicolae_grassy_gnolls
D:2:      layout_basic, hangedman_glass_teeth, minmay_ruptured, uniq_robin

Skill      XL: |  1  2 |
---------------+-------+-----
Throwing       | 2 |  2.0
Long Blades    | 3 |  3.2
Dodging        | 3 |  3.0
Fighting       | |  2.4
Armour         | |  0.6

Action                   || total
-------------------------++-------
Melee: Long sword        ||    74
       Headbutt          ||     8
       Punch             ||     1
Armor: Leather armour    ||    31
Dodge: Dodged            ||    54

Table legend: (Time is in decaauts)
 A = Elapsed time spent in this place.
 B = Non-inter-level travel time spent in this place.
 C = Inter-level travel time spent in this place.
 D = Time resting spent in this place.
 E = Time spent auto-exploring this place.
 F = Levels seen in this place.
 G = Mean time per level.
                   A        B        C        D        E       F      G
               +--------+--------+--------+--------+--------+-----+--------+
         Total |   1118 |   1099 |     19 |    156 |    768 |   2 |  559.0 |
       Dungeon |   1118 |   1099 |     19 |    156 |    768 |   2 |  559.0 |
               +--------+--------+--------+--------+--------+-----+--------+

Top non-repeatable levels by time:
     D:1: 1067 daAuts
     D:2: 51 daAuts
